 Dungeon Sprint DCSS version 0.31.0-12-g77e489cdc1 (webtiles) character file.

Game seed: 10583477845278985525

1057 Silvore the Protected (level 8, -9/82 HPs)
             Began as a Minotaur Fighter on Feb 21, 2024.
             Was a Believer of Okawaru.
             Mangled by a hellwing (10 damage)
             ... summoned by a kobold demonologist
             ... in the Dungeon (Sprint I: "Red Sonja").
             The game lasted 00:01:02 (429 turns).

Silvore the Protected (Minotaur Fighter)             Turns: 429, Time: 00:01:02

Health: -9/82      AC: -10   Str: 24    XL:     8   Next: 6%
Magic:  7/7        EV: 10    Int:  5    God:    Okawaru [**....]
Gold:   413        SH:  6    Dex:  9    Spells: 7/7 levels left

rFire   . . .        a - +0 war axe
rCold   . . .        c - +0 buckler
rNeg    . . .        b - +0 scale mail
rPois   .            (helmet restricted)
rElec   .            (no cloak)
rCorr   .            (no gloves)
SInv    .            (no boots)
Will    .....        (no amulet) Stlth
                     (no ring)
HPRegen 0.33/turn    (no ring)
MPRegen 0.10/turn

%: no teleportation
@: corroded
A: horns 2, retaliatory headbutt
a: Renounce Religion, Heroism


You were in the Dungeon.
You worshipped Okawaru.
Okawaru was pleased with you.
You visited 1 branch You collected 413 gold pieces.

Inventory:

Hand Weapons
 a - a +0 war axe (weapon)
Armour
 b - a +0 scale mail (worn)
 c - a +0 buckler (worn)
Wands
 k - a wand of paralysis (5)
Scrolls
 j - a scroll of blinking
 l - a scroll of identify {unknown}
Potions
 e - a potion of curing
 f - a potion of heal wounds
 g - a potion of haste
 h - 2 potions of magic
 i - a potion of berserk rage


   Skills:
 + Level 11.0 Fighting
 + Level 10.4 Axes
 + Level 12.4 Armour
 + Level 2.1 Dodging
 + Level 10.1 Shields


You had 7 spell levels left.
You didn't know any spells.
Your spell library was empty.

Dungeon Overview and Level Annotations

Branches:
Dungeon (1/1)

Altars:
Cheibriados
Dithmenos
Elyvilon
Fedhas
Gozag
Hepliaklqana
Kikubaaqudgha
Makhleb
Nemelex Xobeh
Okawaru
Qazlal
Ru
Sif Muna
Trog
Uskayaw
Vehumet
Wu Jian
Xom
Yredelemnul
Zin
The Shining One
Jiyva
Lugonu

Shops:
D (


Innate Abilities, Weirdness & Mutations

You have a pair of horns on your head.
You reflexively headbutt those who attack you in melee.


Message History

You headbutt the kobold demonologist!
The kobold demonologist is severely wounded.
You hit the hellwing.
You hit the rust devil but do no damage.
The hellwing disappears in a puff of smoke!
The kobold demonologist hits you with a +0 dagger.
The rust devil hits you! The rust devil corrodes you!
You hit the kobold demonologist.
Your headbutt misses the kobold demonologist.
The kobold demonologist is almost dead.
You hit the rust devil but do no damage.
The kobold demonologist hits you with a +0 dagger.
The rust devil hits you! The rust devil corrodes you!
The hellwing swoops through the air toward you!
The hellwing hits you. The hellwing hits you!
* * * LOW HITPOINT WARNING * * *
You hit the kobold demonologist but do no damage.
The kobold demonologist is almost dead.
You hit the hellwing but do no damage.
You hit the rust devil but do no damage.
The kobold demonologist looks braver for a moment.
The rust devil hits you.
* * * LOW HITPOINT WARNING * * *
The rust devil corrodes you! The hellwing closely misses you.
The hellwing hits you.
* * * LOW HITPOINT WARNING * * *
You hit the kobold demonologist but do no damage.
The kobold demonologist is severely wounded.
You hit the rust devil but do no damage.
You barely miss the hellwing.
The kobold demonologist hits you with a +0 dagger.
* * * LOW HITPOINT WARNING * * *
You block the rust devil's attack. The hellwing closely misses you.
The hellwing barely misses you.
You barely miss the kobold demonologist.
The kobold demonologist is severely wounded.
You barely miss the hellwing. You closely miss the rust devil.
The kobold demonologist casts a cantrip, but nothing happens.
You block the hellwing's attack. The hellwing hits you!
You die...

#####################
.)..#..'..#__#.4@K..#
.#..').#..'..'..#4..#
###'#####'#__####...+
##..#...#.#### ####
_####..##.#
____##'#_.+
.∩...'..._#
..__##_.#+# ____###+#


You could see a hellwing (summoned), a rust devil (summoned) and a kobold
demonologist.

Vanquished Creatures
  A kobold demonologist (D)
  A glass eye (D)
  Sigmund (D)
  A slime creature (D)
  A yak (D)
  An ogre (D)
  A jelly (D)
  Ijyb (D)
8 creatures vanquished.

Notes
Turn   | Place    | Note
-------+----------+-------------------------------------------
     0 | D        | Silvore the Minotaur Fighter began the quest for the Orb.
     0 | D        | Reached XP level 1. HP: 19/19 MP: 0/0
     2 | D        | Noticed Ijyb
     4 | D        | Paralysed by Ijyb for 3 turns
    10 | D        | Paralysed by Ijyb for 5 turns
    21 | D        | Paralysed by Ijyb for 4 turns
    26 | D        | Paralysed by Ijyb for 2 turns
    30 | D        | Killed Ijyb
    31 | D        | Reached skill level 5 in Fighting
    31 | D        | Reached skill level 5 in Armour
    31 | D        | Reached skill level 5 in Shields
    31 | D        | Reached XP level 2. HP: 24/29 MP: 1/1
    52 | D        | Noticed an ogre
    55 | D        | Killed an ogre
    56 | D        | Reached skill level 7 in Armour
    56 | D        | Reached XP level 3. HP: 38/38 MP: 2/2
    56 | D        | Reached XP level 4. HP: 45/45 MP: 3/3
    66 | D        | Noticed Sigmund
    79 | D        | Killed Sigmund
    80 | D        | Reached skill level 5 in Axes
    80 | D        | Reached skill level 9 in Armour
    80 | D        | Reached XP level 5. HP: 44/56 MP: 4/4
    80 | D        | Reached XP level 6. HP: 49/62 MP: 5/5
   134 | D        | Found an ornate altar of the Wu Jian Council.
   134 | D        | Found a shimmering blue altar of Sif Muna.
   136 | D        | Found a radiant altar of Vehumet.
   141 | D        | Reached skill level 1 in Dodging
   178 | D        | Found Enung's Weapon Emporium.
   178 | D        | Found an ancient bone altar of Kikubaaqudgha.
   178 | D        | Found a hazy altar of Hepliaklqana.
   178 | D        | Found a stormy altar of Qazlal.
   178 | D        | Found a hide-covered altar of Uskayaw.
   178 | D        | Found a blossoming altar of Fedhas.
   178 | D        | Found a bloodstained altar of Trog.
   178 | D        | Found an iron altar of Okawaru.
   178 | D        | Found a basalt altar of Yredelemnul.
   178 | D        | Found a glowing golden altar of the Shining One.
   178 | D        | Found a snail-covered altar of Cheibriados.
   178 | D        | Found a sacrificial altar of Ru.
   178 | D        | Found a glowing silver altar of Zin.
   178 | D        | Found a shadowy altar of Dithmenos.
   178 | D        | Found a white marble altar of Elyvilon.
   178 | D        | Noticed a yak
   186 | D        | Killed a yak
   187 | D        | Reached skill level 10 in Armour
   187 | D        | Found an opulent altar of Gozag.
   299 | D        | Found a sparkling altar of Nemelex Xobeh.
   304 | D        | Became a worshipper of Warmaster Okawaru
   319 | D        | Found a burning altar of Makhleb.
   319 | D        | Found a viscous altar of Jiyva.
   319 | D        | Found a shimmering altar of Xom.
   319 | D        | Found a corrupted altar of Lugonu.
   319 | D        | Noticed a slime creature
   325 | D        | Killed a slime creature
   325 | D        | Reached * piety under Okawaru
   326 | D        | Reached skill level 10 in Fighting
   326 | D        | Reached skill level 11 in Armour
   326 | D        | Reached XP level 7. HP: 42/72 MP: 6/6
   397 | D        | Noticed a kobold demonologist
   397 | D        | Noticed a glass eye
   398 | D        | Noticed a kobold demonologist
   407 | D        | Killed a glass eye
   408 | D        | Reached skill level 12 in Armour
   409 | D        | Noticed a red devil
   412 | D        | Killed a kobold demonologist
   412 | D        | Reached ** piety under Okawaru
   413 | D        | Reached skill level 10 in Axes
   413 | D        | Reached skill level 10 in Shields
   413 | D        | Reached XP level 8. HP: 75/82 MP: 5/7
   417 | D        | Noticed a hellwing
   419 | D        | Noticed a rust devil
   424 | D        | Noticed a hellwing
   428 | D        | HP: 1/82 [kobold demonologist/+0 dagger (5)]
   429 | D        | Mangled by a hellwing

Illustrated notes

Levels and vault maps discovered:
D:        dungeon_sprint_1 [red_sonja_temple_1, red_sonja_temple_small_1]

Skill      XL: |  1  2  3  4  5  6  7 |
---------------+----------------------+-----
Fighting       | 5 6 8 10 11 | 11.0
Axes           | 3 4 5 8 10 | 10.4
Armour         | 5 7 9 11 12 | 12.4
Shields        | 5 6 8 9 10 | 10.1
Dodging        | 1 2 |  2.1

Action                     |  1- 3 |  4- 6 |  7- 9 || total
---------------------------+-------+-------+-------++-------
  Melee: War axe           |    20 |    28 |    31 ||    79
         Headbutt          |     4 |     6 |     5 ||    15
 Invoke: Heroism           |       |       |     1 ||     1
    Use: Potion            |       |     1 |       ||     1
 Armour: Scale mail        |    18 |    20 |    34 ||    72
  Dodge: Dodged            |     7 |     9 |    22 ||    38
  Block: Buckler           |     1 |     1 |    14 ||    16
